 Dungeon Crawl Stone Soup version 0.31-a0-344-gd109795599 (webtiles) character file.

Game seed: 13766017481168698363

1918763 Flugkiller the Slayer (level 26, 321/321 HPs)
             Began as an Octopode Shapeshifter on July 21, 2023.
             Was the Champion of Wu Jian.
             Escaped with the Orb
             ... and 3 runes!
             The game lasted 01:20:23 (51432 turns).

Flugkiller the Slayer (Octopode Shapeshifter)      Turns: 51432, Time: 01:20:23

Health: 321/321    AC: 20    Str: 42    XL:     26   Next: 77%
Magic:  30/30      EV: 29    Int: 11    God:    Wu Jian [******]
Gold:   3889       SH:  0    Dex: 25    Spells: 28/35 levels left

rFire   + +          +
                       - Unarmed
rCold   . . .        (shield currently unavailable)
rNeg    . . .        (helmet currently unavailable)
rPois   +            V - amulet "Wotym" {rPois rF+ Regen+ Str+3}
rElec   .            f - +6 ring of strength
rCorr   .            F - ring of the Terrible Cherry {Str+2 Slay+4}
SInv    .            y - +6 ring of dexterity
Will    ++...        m - ring of willpower
Stlth   +            j - +5 ring of evasion
HPRegen 1.53/turn    p - +4 ring of protection
MPRegen 0.22/turn    v - +5 ring of evasion
                     H - ring "Jenas" {rC+ Str+6}

%: no passive effects
@: dragon-form, flying
A: dragon claw, dragon scales, breathe fire, flying, boosted hp, almost no
armour, amphibious, 8 rings, giant, (camouflage 1), (gelatinous body 1), (nimble
swimmer 1), (tentacles), clumsy 1, dopey 1, no potion heal 1
0: Orb of Zot
}: 3/15 runes: decaying, serpentine, abyssal
a: Breathe Fire, Begin Untransformation, Renounce Religion, Wall Jump, Serpent's
Lash, Heavenly Storm


You escaped.
You worshipped Wu Jian.
Wu Jian was exalted by your worship.
You were a fearsome dragon!
You visited 8 branches of the dungeon, and saw 43 of its levels.
You visited the Abyss 5 times.
You also visited: Gauntlet and Volcano.

You collected 6136 gold pieces.
You spent 2247 gold pieces at shops.

Inventory:

Missiles
 N - a throwing net
Jewellery
 b - a ring of protection from cold
   (You found it on level 2 of the Depths)
 c - a ring of protection from cold
   (You found it on level 4 of the Swamp)
 e - a ring of protection from cold
   (You took it off a black draconian on level 1 of the Realm of Zot)
 f - a +6 ring of strength (left foreclaw)
   (You found it on level 6 of the Dungeon)
 i - a ring of see invisible
   (You found it on level 11 of the Dungeon)
 j - a +5 ring of evasion (on tentacle)
   (You bought it in a shop on level 2 of the Orcish Mines)
 m - a ring of willpower (on tentacle)
   (You found it on level 1 of the Swamp)
 p - a +4 ring of protection (on tentacle)
   (You bought it in a shop on level 1 of the Orcish Mines)
 v - a +5 ring of evasion (on tentacle)
   (You found it on level 2 of the Lair of Beasts)
 y - a +6 ring of dexterity (on tentacle)
   (You found it on level 7 of the Dungeon)
 F - the ring of the Terrible Cherry (right foreclaw) {Str+2 Slay+4}
   (You found it on level 1 of the Snake Pit)

   [ring of slaying]

   Str:       It affects your strength (+2).
   Slay:      It affects your accuracy & damage with ranged weapons and melee
   (+4).
 H - the ring "Jenas" (on tentacle) {rC+ Str+6}
   (You found it on level 1 of the Vaults)

   [ring of strength]

   Str:       It affects your strength (+6).
   rC:        It protects you from cold.
 J - a +6 ring of dexterity
   (You found it on level 2 of the Depths)
 T - a +6 ring of intelligence
   (You took it off a minotaur in a Gauntlet)
 V - the amulet "Wotym" (around neck) {rPois rF+ Regen+ Str+3}
   (You found it in a Gauntlet)

   [amulet of regeneration]

   Str:       It affects your strength (+3).
   rF:        It protects you from fire.
   rPois:     It protects you from poison.
   Regen:     It increases your rate of health regeneration.
Talismans
 r - a dragon-blood talisman
   (You took it off Bai Suzhen on level 3 of the Snake Pit)
Wands
 n - a wand of acid (36)
   (You took it off an orc wizard on level 10 of the Dungeon)
 u - a wand of iceblast (38)
   (You found it on level 4 of the Dungeon)
 B - a wand of flame (85)
   (You took it off Edmund on level 6 of the Dungeon)
 K - a wand of paralysis (45)
   (You found it on level 6 of the Dungeon)
 L - a wand of mindburst (18)
   (You found it on level 2 of the Lair of Beasts)
 Q - a wand of digging (12)
   (You found it on level 5 of the Lair of Beasts)
 U - a wand of polymorph (55)
   (You found it in a Gauntlet)
Scrolls
 k - 6 scrolls of revelation
 o - 2 scrolls of silence
 s - 4 scrolls of vulnerability
 t - 15 scrolls of teleportation
 z - 6 scrolls of blinking
 C - 7 scrolls of immolation
 D - 9 scrolls of poison
 I - 3 scrolls of fear
 O - 3 scrolls of butterflies
 R - 4 scrolls of amnesia
 S - 5 scrolls of fog
 Z - 2 scrolls of torment
Potions
 a - 3 potions of ambrosia
 d - 5 potions of might
 g - 4 potions of berserk rage
 h - 8 potions of haste
 l - 4 potions of magic
 q - 11 potions of curing
 w - 4 potions of heal wounds
 x - 4 potions of brilliance
 A - 4 potions of attraction
 G - 2 potions of enlightenment
 M - 3 potions of invisibility
 P - 8 potions of mutation
 X - 4 potions of lignification
 Y - a potion of cancellation
Miscellaneous
 E - a lightning rod (4/4)
   (You found it on level 9 of the Dungeon)


   Skills:
 + Level 26.0 Fighting
 - Level 15.0 Dodging
 + Level 26.0 Unarmed Combat
 - Level 5.0 Spellcasting
 - Level 10.0 Conjurations
 - Level 10.0 Transmutations
 - Level 10.0 Evocations
 - Level 16.8 Shapeshifting


You had 28 spell levels left.
You knew the following spells:

 Your Spells              Type           Power      Damage    Failure   Level
a - Wereblood             Tmut           24%        N/A       1%          2
i - Irradiate             Conj/Tmut      12%        3d15      10%         5

Your spell library contained the following spells:

 Spells                   Type           Power      Damage    Failure   Level
 Magic Dart               Conj           96%        1d7       1%          1
 Kiss of Death            Conj/Necr      52%        2d9       2%          1
 Sting                    Tmut/Pois      52%        1d5       2%          1
 Dazzling Flash           Conj/Hex       26%        N/A       9%          3
 Hailstorm                Conj/Ice       13%        3d5       9%          3
 Ignite Poison            Fire/Tmut/Pois 10%        N/A       17%         3
 Apportation              Tloc           4%         N/A       22%         1
 Necrotise                Necr           8%         1d4       22%         1
 Slow                     Hex            8%         N/A       22%         1
 Summon Small Mammal      Summ           8%         N/A       22%         1
 Flame Wave               Conj/Fire      13%        2d6       26%         4
 Fulminant Prism          Conj/Hex       6%         3d6       26%         4
 Iskenderun's Mystic Bla  Conj/Tloc      13%        2d5       26%         4
 Sticky Flame             Conj/Fire      13%        2d4       26%         4
 Ensorcelled Hibernation  Hex/Ice        4%         N/A       32%         2
 Lesser Beckoning         Tloc           4%         N/A       32%         2
 Poisonous Vapours        Pois/Air       4%         N/A       32%         2
 Scorch                   Fire           4%         2d5       32%         2
 Confusing Touch          Hex            2%         N/A       54%         3
 Gell's Gravitas          Tloc           2%         N/A       54%         3
 Inner Flame              Hex/Fire       2%         N/A       54%         3
 Portal Projectile        Hex/Tloc       4%         N/A       54%         3
 Teleport Other           Tloc           2%         N/A       54%         3
 Tukima's Dance           Hex            2%         N/A       54%         3
 Vampiric Draining        Necr           2%         2d6       54%         3
 Volatile Blastmotes      Fire/Tloc      4%         2d10      54%         3
 Alistair's Intoxication  Tmut/Pois      8%         N/A       58%         5
 Yara's Violent Unravell  Hex/Tmut       6%         3d5       58%         5
 Freezing Cloud           Conj/Ice/Air   5%         6-21      83%         5
 Anguish                  Hex/Necr       1%         N/A       91%         4
 Animate Dead             Necr           2%         N/A       91%         4
 Cause Fear               Hex            1%         N/A       91%         4
 Dispel Undead            Necr           2%         3d7       91%         4
 Olgreb's Toxic Radiance  Pois           2%         N/A       91%         4
 Passage of Golubria      Tloc           2%         N/A       91%         4
 Summon Ice Beast         Ice/Summ       2%         N/A       91%         4
 Agony                    Necr           2%         N/A       99%         5
 Silence                  Hex/Air        1%         N/A       99%         5
 Leda's Unmaking          Conj/Erth      6%         9d2       99%         6
 Dispersal                Tloc           1%         N/A       100%        6
 Simulacrum               Ice/Necr       1%         N/A       100%        6
 Summon Cactus Giant      Summ           1%         N/A       100%        6
 Enfeeble                 Hex            1%         N/A       100%        7
 Haunt                    Necr/Summ      1%         N/A       100%        7
 Borgnjor's Revivificati  Necr           1%         N/A       100%        8
 Ignition                 Fire           1%         3d3       100%        8
 Infestation              Necr           1%         N/A       100%        8
 Lehudib's Crystal Spear  Conj/Erth      6%         10d3      100%        8
 Death's Door             Necr           1%         N/A       100%        9


Dungeon Overview and Level Annotations

Branches:
Dungeon (15/15)            Temple (0/1) D:7            Lair (5/5) D:11
  Swamp (4/4) Lair:3        Snake (4/4) Lair:2        Slime (0/5) Lair:4
    Orc (2/2) D:11            Elf (0/3) Orc:2        Vaults (4/5) D:14
  Crypt (0/3) Vaults:3     Depths (4/4) D:15            Zot (5/5) Depths:4
Volcano (visited)         Gauntlet (visited)

Altars:
Elyvilon
Fedhas
Hepliaklqana
Kikubaaqudgha
Qazlal
Ru
Sif Muna
Vehumet
Wu Jian
Xom
Yredelemnul
Zin
Jiyva

Shops:
D:4 *   D:6 :   Orc:1 =   Orc:2 =*?(*   Vaults:1 *   Vaults:3 (   Vaults:4 =
Depths:1 [

Portals:
Hell: Depths:1 Depths:2 Depths:3 Depths:4
Abyss: Depths:1 Depths:2 Depths:3
Pandemonium: Depths:2 Depths:3
Ziggurat: Depths:3

Annotations:
D:4 1 runed translucent door, Crazy Yiuf
D:8 Erica, Psyche
D:14 2 transporters
Lair:5 1 runed translucent door
Snake:4 3 runed translucent doors, Omutsoge's ghost, journeyman GnWr; Ufav Mom's ghost, adept HOMo
Zot:1 8 runed translucent doors


Innate Abilities, Weirdness & Mutations

You are a fearsome dragon!
You have a powerful clawing attack.
Your giant scaled body is strong and resiliant, but less evasive.
You can breathe fire.
You are flying.
Your maximum health is greatly increased.
Your armour is entirely melded.
You are incapable of wielding weapons or throwing items.
You cannot wear most types of armour.
You are amphibious.
You can wear up to eight rings at the same time.
((Your skin changes colour to match your surroundings (Stealth+).))
((Your rubbery body absorbs attacks. (AC +1, EV +1)))
((You are camouflaged when in or above water. (Stealth+)))
((You have tentacles for arms and can constrict up to eight enemies at once.))
You are clumsy. (Dex -2)
You are dopey. (Int -2)
Potions are less effective at restoring your health.


Message History

(Z) Zot
Where to? (Enter - D:1 @ (x,y), ? - help) HP restored.
There is a stone staircase leading up here.
You fly upwards.
There is a stone staircase leading down here.
There is an open door here.
There is an escape hatch in the ceiling here.
A hellion comes into view.
The hellion gives a hideous shriek!
There is an open door here.
The hellion hits you but does no damage.
You maul the hellion!!!
You kill the hellion!
The Council accepts your kill.
No target in view!
(D) Dungeon (T) Temple (L) Lair (S) Swamp (P) Snake Pit (M) Slime Pits (O) Orcish Mines (E) Elven Halls (V) Vaults (C) Crypt (U) Depths (H) Hell (Z) Zot
Where to? (Enter - D:1 @ (x,y), ? - help)
There is a stone staircase leading up here.
You fly upwards.
Level annotation: Erica, Psyche
There is a stone staircase leading down here.
There is a stone staircase leading up here.
You fly upwards.
There is a stone staircase leading down here.
You see here a +0 mace.
A reaper comes into view. It is wielding a +4 scythe.
There is a stone staircase leading up here.
You fly upwards.
There is a stone staircase leading down here.
(D) Dungeon (T) Temple (L) Lair (S) Swamp (P) Snake Pit (M) Slime Pits (O) Orcish Mines (E) Elven Halls (V) Vaults (C) Crypt (U) Depths (H) Hell (Z) Zot
Where to? (Enter - D:1 @ (x,y), ? - help)
Things that are here:
a +2 whip of pain; a +0 chain mail; a +0 flail
There is a stone staircase leading up, spattered with blood here.
You fly upwards.
There is a stone staircase leading down here.
There is a stone staircase leading up here.
You fly upwards.
Level annotation: 1 runed translucent door, Crazy Yiuf
There is a stone staircase leading down here.
Items here: )) [[.
There is a stone staircase leading up here.
You fly upwards.
There is a stone staircase leading down here.
There is a stone staircase leading up here.
You fly upwards.
There is a stone staircase leading down here.
There is a stone staircase leading up here.
You fly upwards.
There is a stone staircase leading down here.
A Brimstone Fiend comes into view.
The Brimstone Fiend roars!
You see here a +0 whip.
You lunge at the Brimstone Fiend, in a flurry of attacks.
You barely miss the Brimstone Fiend.
You maul the Brimstone Fiend!!!!
You kill the Brimstone Fiend!
The Council accepts your kill.
Your Fighting skill increases to level 26!
Your Unarmed Combat skill increases to level 26!
(D) Dungeon (T) Temple (L) Lair (S) Swamp (P) Snake Pit (M) Slime Pits (O) Orcish Mines (E) Elven Halls (V) Vaults (C) Crypt (U) Depths (H) Hell (Z) Zot
Where to? (Enter - D:1 @ (x,y), ? - help)
An Orb Guardian comes into view.
You claw the Orb Guardian!
The Orb Guardian is lightly wounded.
The Orb Guardian hits you but does no damage.
You maul the Orb Guardian!!!
You claw the Orb Guardian!
You kill the Orb Guardian!
The Council accepts your kill.
(D) Dungeon (T) Temple (L) Lair (S) Swamp (P) Snake Pit (M) Slime Pits (O) Orcish Mines (E) Elven Halls (V) Vaults (C) Crypt (U) Depths (H) Hell (Z) Zot
Where to? (Enter - D:1 @ (x,y), ? - help)
There is a staircase leading out of the dungeon here.
Enter note: What are your orders? t - Roar!
Orders for allies: a - Attack new target. r - Retreat! s - Stop attacking. g - Guard the area. f - Follow me.
Anything else - Cancel.
You roar for attention!
Enter note: You are a fearsome dragon!
You are flying.
Your flying speed is average.
Your attack delay is about 0.5.
Your damage rating with unarmed combat is about 140 (Base [27 + 26 (UC)] x 180% (Str) x 143% (Fight) + 4 (Slay)).
Your base attributes are Str 15, Int 13, Dex 21.
Enter note: 140 base damage
Enter note: gg You have escaped!

...#.#...# #.##PP~#.........#
...#.#.### #~~P##.#.........##
.#...#.# #PP~##.#..........####
..)#.#.#####~PP...#.............#
.....#...~P~#####.#.........###..
...###.##P~~# #.#.........####.
#### #.##PPP# ###.#####.#.......#
#### #P~P##.# #...# #.........#
...# #PP~##.###.D.# ####........#
##.###~P~.........###....########
#...##############...#### #####
#####


There were no monsters in sight!

Vanquished Creatures
  A dread lich (Abyss:1)
  3 ancient liches (Zot:5)
  9 orbs of fire (Zot:5)
  3 juggernauts
  Bai Suzhen (Snake:3)
  Frederick (Depths:4)
  Vv (Depths:3)
  11 Killer Klowns
  Vashnia (Snake:2)
  Xtahua (Vaults:4)
  9 caustic shrikes
  3 curse toes
  Saint Roka (Snake:3)
  10 golden dragons
  Nikola (Swamp:1)
  2 bone dragons
  A profane servitor (Abyss:3)
  2 electric golems (Zot:5)
  A Brimstone Fiend (D:1)
  2 hellephants (Abyss:4)
  27 Orb Guardians
  Rupert (D:13)
  Jorgrun (Snake:3)
  A walking earthen tome (Depths:3)
  4 liches
  12 tentacled monstrosities
  A walking divine tome (Depths:3)
  Mlioglotl (Snake:3)
  Asterion (Snake:2)
  2 walking frostbound tomes
  2 quicksilver dragons (Zot:1)
  6 death cobs
  3 sphinxes
  Frances (Swamp:2)
  2 thorn hunters (Swamp:4)
  3 tentacled starspawn
  2 tengu reavers
  8 shadow dragons
  11 storm dragons
  Aizul (Snake:3)
  4 draconian monks
  Donald (Snake:2)
  3 nagarajas (Snake:4)
  A daeva (D:11)
  4 draconian knights
  3 fire giants
  2 fenstrider witches
  8 vault wardens
  3 iron dragons
  2 balrugs
  5 draconian scorchers
  Louise (Swamp:1)
  5 ghost moths
  An angel (Zot:2)
  4 frost giants
  4 spriggan defenders
  8 draconian shifters
  4 draconian stormcallers
  2 orc warlords
  3 war gargoyles
  15 ironbound preservers
  7 draconian annihilators
  A reaper (Gauntlet)
  3 formless jellyfish
  6 ironbound thunderhulks
  A demonspawn blood saint (D:13)
  The ghost of jt the Mimic, a journeyman NaSh of Yredelemnul (Lair:1)
  26 very ugly things
  8 eleionomae
  13 stone giants
  5 yellow draconians
  Azrael (D:14)
  9 dire elephants
  4 vampire knights
  Nessos (Orc:2)
  A lorocyproca (Abyss:1)
  A minotaur (Gauntlet)
  5 green draconians
  10 white draconians
  8 purple draconians
  12 black draconians
  7 red draconians
  2 bunyips
  5 spark wasps (Depths:2)
  6 ettins
  4 crystal guardians
  A merfolk javelineer (Depths:2)
  A green death (Depths:3)
  A shambling mangrove (Swamp:4)
  14 yaktaur captains
  3 fire dragons
  3 entropy weavers (Vaults:3)
  Josephine (Lair:3)
  8 great orbs of eyes
  A spriggan zombie (Abyss:3)
  4 peacekeepers
  19 anacondas
  3 salamander tyrants
  2 ghost crabs
  7 ice dragons
  18 hydras
  11 ironbound frosthearts
  A catoblepas (Lair:2)
  5 rakshasas
  2 vault guards (Vaults:4)
  5 spriggan air magi
  19 centaur warriors
  A two-headed ogre (Orc:1)
  2 dancing weapons (D:14)
  5 boulder beetles
  2 death knights
  6 tengu warriors
  5 alligators
  5 deep troll earth magi
  4 orc high priests
  3 hell hogs (Abyss:3)
  12 naga warriors
  3 thrashing horrors
  5 spriggan berserkers
  11 shock serpents
  7 deep troll shamans
  22 naga sharpshooters
  A demonic crawler (Abyss:1)
  4 sun demons
  Sonja (Lair:2)
  6 hell knights (Abyss:3)
  A skeletal warrior (D:10)
  7 wretched stars
  3 sixfirhies
  2 skysharks
  2 salamander mystics
  Lodul (D:13)
  A spatial maelstrom (Abyss:4)
  13 iron trolls
  64 deep trolls
  5 goliath frogs
  2 sea snakes (Snake:2)
  3 shadow demons
  3 glowing orange brains
  2 phantasmal warriors
  2 spriggan druids
  A glowing orange brain (shapeshifter) (Vaults:2)
  An obsidian statue (Zot:5)
  A death drake (Gauntlet)
  12 naga ritualists
  3 wizards
  7 bog bodies
  2 harpies
  13 swamp dragons
  12 lindwurms
  6 orc knights
  Pikel (D:6)
  10 ironbound convokers
  4 necromancers
  2 flayed ghosts
  A deep elf pyromancer (D:13)
  12 mana vipers
  5 orc sorcerers
  2 cyclopes
  25 ugly things
  5 will-o-the-wisps
  A cyclops (shapeshifter) (Depths:3)
  19 salamanders
  27 moths of wrath
  A moth of wrath (shapeshifter) (Vaults:1)
  Maurice (D:13)
  2 spectral centaurs (Gauntlet)
  5 elephants
  A manticore (shapeshifter) (Vaults:2)
  2 worldbinders (Abyss:1)
  16 vault sentinels
  15 naga magi
  50 black mambas
  5 manticores
  An eye of devastation (Abyss:1)
  8 guardian serpents
  5 smoke demons
  4 gargoyles
  17 cane toads
  Maggie (D:7)
  Joseph (D:7)
  4 torpor snails
  9 komodo dragons
  2 hellions
  2 orange demons (Depths:2)
  32 yaktaurs
  4 kobold demonologists
  2 efreet (D:14)
  2 unseen horrors (Depths:1)
  3 ancient zymes (Abyss:3)
  5 rime drakes
  2 ice devils
  4 freezing wraiths
  3 minotaur zombies (Gauntlet)
  A human skeleton (Vaults:2)
  A tormentor (Depths:4)
  A yaktaur skeleton (Vaults:2)
  6 guardian mummies (Zot:1)
  3 tengu conjurers
  A troll (shapeshifter) (D:13)
  2 bloated husks (Swamp:2)
  5 hellwings
  8 tyrant leeches
  A harpy zombie (Gauntlet)
  5 trolls
  21 hornets
  9 dream sheep
  2 hydra zombies (Swamp:2)
  12 polar bears
  5 raiju
  26 blink frogs
  24 slime creatures
  Sigmund (D:2)
  An ettin zombie (Abyss:1)
  20 large abominations
  A centaur simulacrum (D:12)
  3 shadows
  7 wraiths
  76 yaks
  5 ynoxinuls
  A fire bat (Abyss:3)
  A vampire (D:11)
  29 spriggans
  4 hogs (D:7)
  7 water elementals
  2 humans
  2 wyverns
  7 starcursed masses
  8 fire elementals
  A human simulacrum (Vaults:2)
  A golden eye (Abyss:1)
  2 neqoxecs (Abyss:1)
  4 chaos spawn
  A hog (shapeshifter) (D:13)
  2 basilisks
  Menkaure (D:6)
  Grum (D:8)
  19 vampire mosquitoes
  A steam dragon (D:9)
  44 nagas
  A spatial vortex (Abyss:4)
  A warg (Orc:1)
  Edmund (D:6)
  8 hell hounds
  19 swamp worms
  17 water moccasins
  A floating eye (Depths:3)
  12 black bears
  26 orc warriors
  21 small abominations
  11 swamp drakes
  An ice beast (D:6)
  4 boggarts (Lair:5)
  56 wolves
  16 ogres
  11 centaurs
  A phantom (D:7)
  4 kobold brigands
  15 bullfrogs
  3 gnoll sergeants
  6 scorpions
  13 wights
  6 killer bees (D:11)
  A howler monkey (D:11)
  5 electric eels
  4 lava snakes (Lair:2)
  4 crimson imps (Abyss:3)
  3 quasits
  26 orc priests
  2 gnoll boudas
  5 hounds
  A jelly (D:4)
  A boggart zombie (Gauntlet)
  5 iguanas
  26 orc wizards
  Robin (D:2)
  21 gnolls
  11 adders
  2 shadow imps (Gauntlet)
  9 white imps
  6 ufetubi
  5 worms
  2 dart slugs (D:2)
  95 orcs
  7 endoplasms
  7 giant cockroaches
  15 goblins
  10 hobgoblins
  2 jackals (D:5)
  2 quokkas
  5 ball pythons
  5 bats
  8 frilled lizards
  30 kobolds
  2 rats
  4 butterflies (Zot:1)
  A foxfire (Swamp:2)
  2 lurking horrors
  7 starspawn tentacles
2091 creatures vanquished.

Vanquished Creatures (others)
  A great orb of eyes (Vaults:2)
  A goliath frog (Swamp:1)
  A wizard (Vaults:3)
  2 bloated husks
  A kobold (D:9)
  A butterfly (D:3)
  4 foxfires
  3 starspawn tentacles (Abyss:3)
14 creatures vanquished.

Grand Total: 2105 creatures vanquished

Notes
Turn   | Place    | Note
-------+----------+-------------------------------------------
     0 | D:1      | Flugkiller the Octopode Shapeshifter began the quest for
                  | the Orb.
     0 | D:1      | Reached XP level 1. HP: 13/13 MP: 1/1
   144 | D:1      | Reached XP level 2. HP: 9/18 MP: 2/2
   507 | D:2      | Reached XP level 3. HP: 15/23 MP: 3/3
   598 | D:2      | Noticed Robin
   877 | D:2      | Noticed Sigmund
   908 | D:2      | Killed Sigmund
   909 | D:2      | Reached XP level 4. HP: 20/30 MP: 4/4
   909 | D:2      | Reached XP level 5. HP: 23/35 MP: 5/5
  1061 | D:2      | Found a faded altar of an unknown god.
  1121 | D:2      | Reached XP level 6. HP: 41/41 MP: 6/6
  1252 | D:2      | Killed Robin
  1747 | D:3      | Found a white marble altar of Elyvilon.
  1999 | D:3      | Found an ornate altar of the Wu Jian Council.
  2001 | D:3      | Found a glowing silver altar of Zin.
  2028 | D:3      | Became a worshipper of the Wu Jian Council
  2837 | D:4      | Reached XP level 7. HP: 39/46 MP: 7/7
  2841 | D:4      | Reached * piety under Wu Jian
  3544 | D:4      | Found Newnogof's Gadget Gallery.
  3613 | D:4      | Found a runed translucent door.
  3614 | D:4      | Noticed Crazy Yiuf
  3917 | D:5      | Entered Level 5 of the Dungeon
  3936 | D:5      | Reached skill level 5 in Unarmed Combat
  3961 | D:5      | Reached skill level 1 in Evocations
  4189 | D:5      | Reached XP level 8. HP: 51/54 MP: 8/8
  4238 | D:5      | Noticed a kobold demonologist
  4241 | D:5      | Noticed a soul eater
  4255 | D:5      | Noticed a hellwing
  4263 | D:5      | Killed a kobold demonologist
  4264 | D:5      | Reached skill level 5 in Dodging
  4268 | D:5      | Reached ** piety under Wu Jian
  4314 | D:5      | Reached skill level 5 in Fighting
  4936 | D:6      | Found Weejuky's Book Boutique.
  5345 | D:6      | Reached XP level 9. HP: 54/62 MP: 9/9
  5418 | D:6      | Noticed Menkaure
  5426 | D:6      | Killed Menkaure
  5427 | D:6      | Reached skill level 5 in Shapeshifting
  5647 | D:6      | Noticed Pikel
  5660 | D:6      | Killed Pikel
  5796 | D:6      | Noticed Edmund
  5804 | D:6      | Killed Edmund
  5869 | D:6      | Reached *** piety under Wu Jian
  6112 | D:7      | Found a staircase to the Ecumenical Temple.
  6212 | D:7      | Reached XP level 10. HP: 68/68 MP: 10/10
  6304 | D:7      | Noticed Joseph
  6319 | D:7      | Noticed Maggie
  6531 | D:7      | Killed Joseph
  6851 | D:7      | Killed Maggie
  7034 | D:8      | Noticed Psyche
  7035 | D:8      | Noticed Grum
  7241 | D:8      | Noticed Erica
  7545 | D:8      | Killed Grum
  7871 | D:9      | Identified the +5 trident of Uncomfortable Rashes {heavy,
                  | +Blink Dex+2 SInv}
  7884 | D:9      | Reached **** piety under Wu Jian
  8031 | D:9      | Reached XP level 11. HP: 74/74 MP: 11/11
  8401 | D:9      | Noticed a sixfirhy
  8402 | D:9      | Noticed a sixfirhy
  8405 | D:9      | Killed a sixfirhy
  8406 | D:9      | Noticed a sun demon
  8861 | D:9      | Killed a sixfirhy
  9054 | D:9      | Killed a sun demon
  9055 | D:9      | Reached skill level 10 in Dodging
  9410 | D:10     | Entered Level 10 of the Dungeon
  9435 | D:10     | Noticed a tengu warrior
  9443 | D:10     | Killed a tengu warrior
  9451 | D:10     | Noticed a centaur warrior
  9458 | D:10     | Killed a centaur warrior
  9560 | D:10     | Found a radiant altar of Vehumet.
  9570 | D:10     | Noticed a death knight
  9570 | D:10     | Noticed a manticore
  9597 | D:10     | Identified the +8 dagger of Zoibbudgh {flame, Will- rCorr
                  | Dex+4}
  9646 | D:10     | Noticed a centaur warrior
  9682 | D:10     | Killed a centaur warrior
  9683 | D:10     | Reached XP level 12. HP: 50/84 MP: 12/12
  9924 | D:10     | Identified the +2 mace "Kiat Pih" {freeze, Str+4}
 10170 | D:10     | Killed a death knight
 10565 | D:10     | Identified the +0 robe of the Cartwright {Str+3}
 10588 | D:10     | Reached ***** piety under Wu Jian
 10722 | D:10     | Found a stormy altar of Qazlal.
 10749 | D:10     | Found a shimmering blue altar of Sif Muna.
 11553 | D:11     | Found a staircase to the Orcish Mines.
 11627 | D:11     | Noticed a boulder beetle
 11655 | D:11     | Killed a boulder beetle
 11656 | D:11     | Reached skill level 10 in Fighting
 11662 | D:11     | Reached skill level 10 in Unarmed Combat
 11843 | D:11     | Found a staircase to the Lair.
 11883 | D:11     | Noticed a four-headed hydra
 11902 | D:11     | Killed a four-headed hydra
 12585 | Lair:1   | Entered Level 1 of the Lair of Beasts
 12661 | Lair:1   | Reached XP level 13. HP: 92/92 MP: 13/13
 12966 | Lair:1   | Found a dark tunnel.
 12971 | Volcano  | Entered a volcano
 13523 | Lair:1   | Found a runed translucent door.
 13523 | Lair:1   | Noticed jt's ghost (journeyman NaSh)
 14357 | Lair:2   | Noticed Sonja
 14366 | Lair:2   | Killed Sonja
 14709 | Lair:1   | Killed jt's ghost
 15573 | Lair:1   | Reached skill level 10 in Shapeshifting
 16066 | Lair:1   | Reached XP level 14. HP: 88/101 MP: 14/14
 16235 | Lair:1   | Reached ****** piety under Wu Jian
 16586 | Lair:2   | Found a staircase to the Snake Pit.
 17278 | Lair:3   | Found a staircase to the Swamp.
 17560 | Lair:3   | Identified the +10 falchion of Due Proportion {venom,
                  | Contam +Blink rF+ Dex+3}
 17619 | Lair:3   | Noticed Josephine
 17632 | Lair:3   | Killed Josephine
 17971 | Lair:3   | Reached XP level 15. HP: 108/108 MP: 15/15
 18255 | Lair:4   | Found a staircase to the Slime Pits.
 18255 | Lair:4   | Found a viscous altar of Jiyva.
 18879 | Lair:4   | Reached skill level 15 in Dodging
 19329 | Lair:5   | Entered Level 5 of the Lair of Beasts
 19827 | Lair:5   | Learned a level 5 spell: Irradiate
 19862 | Lair:5   | Reached skill level 1 in Spellcasting
 19862 | Lair:5   | Reached skill level 1 in Conjurations
 19862 | Lair:5   | Reached skill level 1 in Transmutations
 20264 | Lair:5   | Reached XP level 16. HP: 116/116 MP: 19/19
 20842 | Lair:5   | Found a runed translucent door.
 22152 | D:13     | Found a gate leading to a gauntlet.
 22176 | Gauntlet | Entered a Gauntlet
 22176 | Gauntlet | Found a transporter.
 22184 | Gauntlet | Found a transporter.
 22188 | Gauntlet | Found a transporter.
 22196 | Gauntlet | Found a transporter.
 22200 | Gauntlet | Found a transporter.
 22211 | Gauntlet | Found a transporter.
 22212 | Gauntlet | Found a transporter.
 22220 | Gauntlet | Found a transporter.
 22224 | Gauntlet | Found a transporter.
 22228 | Gauntlet | Found a runed translucent door.
 22230 | Gauntlet | Found a runed translucent door.
 22232 | Gauntlet | Found a transporter.
 22263 | Gauntlet | Found a transporter.
 22275 | Gauntlet | Found a transporter.
 22288 | Gauntlet | Found a transporter.
 22301 | Gauntlet | Found a transporter.
 22604 | Gauntlet | Reached skill level 5 in Conjurations
 22604 | Gauntlet | Reached skill level 5 in Transmutations
 22607 | Gauntlet | Identified the amulet "Wotym" {rPois rF+ Regen+ Str+3}
 22895 | D:13     | Noticed Maurice
 22905 | D:13     | Killed Maurice
 22964 | D:13     | Noticed Lodul
 22975 | D:13     | Killed Lodul
 23215 | D:13     | Noticed Rupert
 23218 | D:13     | Killed Rupert
 23295 | D:13     | Found a hazy altar of Hepliaklqana.
 23438 | D:14     | Found a transporter.
 23454 | D:14     | Found a transporter.
 23454 | D:14     | Noticed a sphinx
 23481 | D:14     | Found a gate to the Vaults.
 23576 | D:14     | Found a sacrificial altar of Ru.
 23746 | D:14     | Noticed Azrael
 23776 | D:14     | Killed Azrael
 23854 | D:14     | Identified the +8 arbalest "Bagonaud" {speed, Dex+2 Stlth+}
 24172 | D:15     | Entered Level 15 of the Dungeon
 24337 | D:15     | Found a staircase to the Depths.
 25376 | Orc:1    | Entered Level 1 of the Orcish Mines
 25516 | Orc:2    | Entered Level 2 of the Orcish Mines
 25576 | Orc:1    | Found Jurakh's Jewellery Emporium.
 25949 | Orc:2    | Reached XP level 17. HP: 121/121 MP: 23/23
 26090 | Orc:2    | Found Kantuvuf's Jewellery Emporium.
 26177 | Orc:2    | Noticed Nessos
 26184 | Orc:2    | Killed Nessos
 26268 | Orc:2    | Found a staircase to the Elven Halls.
 26387 | Orc:2    | Found Esmo's General Store.
 26452 | Orc:2    | Found Tucziga's Weapon Shop.
 26456 | Orc:2    | Bought a scroll of teleportation for 39 gold pieces
 26456 | Orc:2    | Bought a potion of mutation for 104 gold pieces
 26459 | Orc:2    | Found Useuhur's Assorted Antiques.
 26461 | Orc:2    | Found Xatz's Magic Scroll Shoppe.
 26470 | Orc:2    | Bought a scroll of blinking for 120 gold pieces
 26964 | Orc:2    | Bought a scroll of acquirement for 832 gold pieces
 26964 | Orc:2    | Acquired 1163 gold pieces
 27018 | Orc:2    | Bought a +5 ring of evasion for 504 gold pieces
 27121 | Orc:1    | Bought a +4 ring of protection for 648 gold pieces
 27241 | Snake:1  | Entered Level 1 of the Snake Pit
 27243 | Snake:1  | Identified the ring of the Terrible Cherry {Str+2 Slay+4}
 27459 | Snake:1  | Reached skill level 5 in Spellcasting
 28638 | Snake:2  | Noticed Asterion
 28651 | Snake:2  | Killed Asterion
 28654 | Snake:2  | Reached skill level 10 in Conjurations
 28773 | Snake:2  | Noticed Donald
 28779 | Snake:2  | Killed Donald
 28780 | Snake:2  | Reached skill level 10 in Transmutations
 28964 | Snake:2  | Noticed Vashnia
 28971 | Snake:2  | Killed Vashnia
 28977 | Snake:2  | HP: 5/146 [naga sharpshooter/bolt[Vashnia] (24)]
 29610 | Snake:3  | Reached XP level 18. HP: 128/128 MP: 25/25
 29938 | Snake:3  | Noticed Saint Roka
 29957 | Snake:3  | Killed Saint Roka
 30225 | Snake:3  | Noticed Mlioglotl
 30231 | Snake:3  | Killed Mlioglotl
 30231 | Snake:3  | Noticed Bai Suzhen
 30262 | Snake:3  | Noticed Aizul
 30417 | Snake:3  | Noticed Jorgrun
 30440 | Snake:3  | Killed Aizul
 30509 | Snake:3  | Killed Jorgrun
 30792 | Snake:3  | Gained mutation: You are clumsy. (Dex -2) [mutagenic glow]
 30800 | Snake:3  | Killed Bai Suzhen
 31372 | Snake:4  | Entered Level 4 of the Snake Pit
 31630 | Snake:4  | Found a runed translucent gate.
 31631 | Snake:4  | Found a runed translucent gate.
 31631 | Snake:4  | Found a runed translucent gate.
 31640 | Snake:4  | Noticed Ufav Mom's ghost (adept HOMo)
 31642 | Snake:4  | Noticed Omutsoge's ghost (journeyman GnWr)
 31642 | Snake:4  | Noticed Ufav Mom's ghost (adept HOMo)
 31855 | Snake:4  | Reached skill level 15 in Shapeshifting
 32388 | Snake:4  | Reached XP level 19. HP: 136/136 MP: 19/26
 32624 | Snake:4  | Got a serpentine rune of Zot
 33120 | Swamp:1  | Entered Level 1 of the Swamp
 33255 | Swamp:1  | Noticed Nikola
 33261 | Swamp:1  | Killed Nikola
 33262 | Swamp:1  | Reached skill level 15 in Fighting
 33262 | Swamp:1  | Reached skill level 15 in Unarmed Combat
 33396 | Swamp:1  | Noticed Louise
 33401 | Swamp:1  | Killed Louise
 33531 | Swamp:1  | You are sucked into a shaft and drop 1 floor!
 33732 | Swamp:2  | Noticed Frances
 33742 | Swamp:2  | Killed Frances
 34065 | Swamp:2  | Got the Parchment of Reanimation Made Easy
 34177 | Swamp:2  | Learned a level 2 spell: Wereblood
 34656 | Swamp:4  | Entered Level 4 of the Swamp
 34882 | Swamp:4  | Reached XP level 20. HP: 143/149 MP: 27/27
 35081 | Swamp:4  | Got a decaying rune of Zot
 35320 | Vaults:1 | Entered Level 1 of the Vaults
 35333 | Vaults:1 | Found the +1 cloak of Starlight {*Dazzle EV+4 Stlth--}
 35577 | Vaults:1 | Found Ottiheeho's General Store.
 35687 | Vaults:1 | Identified the ring "Jenas" {rC+ Str+6}
 36564 | Vaults:2 | Paralysed by a formless jellyfish for 1 turns
 36683 | Vaults:2 | Identified the +0 buckler "Puusu" {rPois}
 37665 | Vaults:3 | Got Kenahuhi's Encyclopedia of the Xenotype and Elsewhere
 37757 | Vaults:3 | Reached XP level 21. HP: 160/160 MP: 28/28
 37850 | Vaults:3 | Found a staircase to the Crypt.
 37850 | Vaults:3 | Found a basalt altar of Yredelemnul.
 37850 | Vaults:3 | Found an ancient bone altar of Kikubaaqudgha.
 37900 | Vaults:3 | Found Faich's Weapon Shoppe.
 38187 | Vaults:3 | Identified the +6 long sword of Blood-Lust {freeze, rF+}
 38742 | Vaults:4 | Noticed Xtahua
 38745 | Vaults:4 | Killed Xtahua
 38928 | Vaults:4 | Found Higotigi's Jewellery Boutique.
 40131 | Depths:1 | Entered Level 1 of the Depths
 40148 | Depths:1 | Reached XP level 22. HP: 171/171 MP: 29/29
 40279 | Depths:1 | Found Uwoaczai's Antique Armour Boutique.
 40349 | Depths:1 | Found a gateway to Hell.
 40490 | Depths:1 | Found a blossoming altar of Fedhas.
 40527 | Depths:1 | Found a one-way gate to the infinite horrors of the Abyss.
 40532 | Depths:1 | Reached skill level 5 in Evocations
 40886 | Depths:2 | Found a one-way gate leading to the halls of Pandemonium.
 41053 | Depths:2 | Got the Secrets of Hurtful Malisons
 42214 | Depths:3 | Found a one-way gateway to a ziggurat.
 42355 | Depths:3 | Noticed Vv
 42361 | Depths:3 | Killed Vv
 42561 | Depths:3 | Noticed a juggernaut
 42566 | Depths:3 | Killed a juggernaut
 42587 | Depths:3 | Noticed a juggernaut
 42592 | Depths:3 | Killed a juggernaut
 42599 | Depths:3 | Reached XP level 23. HP: 179/179 MP: 25/30
 42657 | Depths:3 | Noticed a caustic shrike
 42662 | Depths:3 | Noticed a caustic shrike
 42663 | Depths:3 | Noticed a golden dragon
 42664 | Depths:3 | Killed a caustic shrike
 42666 | Depths:3 | Killed a caustic shrike
 42666 | Depths:3 | Noticed a caustic shrike
 42667 | Depths:3 | Noticed a golden dragon
 42668 | Depths:3 | Noticed a golden dragon
 42672 | Depths:3 | Killed a golden dragon
 42672 | Depths:3 | Killed a caustic shrike
 42672 | Depths:3 | Killed a golden dragon
 42677 | Depths:3 | Killed a golden dragon
 42783 | Depths:3 | Identified the +3 ring mail of Vlad {Harm rC+ Regen+ Str+3}
 43186 | Depths:4 | Entered Level 4 of the Depths
 43217 | Depths:4 | Noticed Frederick
 43219 | Depths:4 | Noticed a caustic shrike
 43222 | Depths:4 | Noticed a caustic shrike
 43222 | Depths:4 | Noticed a caustic shrike
 43227 | Depths:4 | Killed Frederick
 43299 | Depths:4 | Noticed a caustic shrike
 43299 | Depths:4 | Noticed a caustic shrike
 43300 | Depths:4 | Noticed a juggernaut
 43309 | Depths:3 | Killed a caustic shrike
 43495 | Depths:4 | Killed a caustic shrike
 43508 | Depths:4 | Killed a juggernaut
 43509 | Depths:4 | Reached skill level 10 in Evocations
 43597 | Depths:4 | Killed a caustic shrike
 43602 | Depths:4 | Killed a caustic shrike
 43604 | Depths:4 | Killed a caustic shrike
 43667 | Depths:4 | Noticed a caustic shrike
 43711 | Depths:4 | Killed a caustic shrike
 44146 | Depths:4 | Found a gate to the Realm of Zot.
 44146 | Depths:4 | Noticed a golden dragon
 44148 | Depths:4 | Killed a golden dragon
 44427 | Depths:3 | Voluntarily entered the Abyss.
 44431 | Abyss:1  | Reached XP level 24. HP: 189/189 MP: 30/30
 44652 | Abyss:1  | Found a corrupted altar of Lugonu.
 44695 | Abyss:1  | Found a corrupted altar of Lugonu.
 44855 | Abyss:1  | Noticed a dread lich
 44864 | Abyss:1  | Killed a dread lich
 44999 | Depths:3 | Escaped the Abyss
 45114 | Depths:3 | Voluntarily entered the Abyss.
 45118 | Abyss:1  | Found a corrupted altar of Lugonu.
 45380 | Abyss:2  | Found a corrupted altar of Lugonu.
 45392 | Abyss:2  | Found a corrupted altar of Lugonu.
 45586 | Depths:3 | Escaped the Abyss
 45690 | Depths:3 | Voluntarily entered the Abyss.
 45860 | Depths:3 | Escaped the Abyss
 45880 | Depths:3 | Voluntarily entered the Abyss.
 45931 | Depths:3 | Escaped the Abyss
 45933 | Depths:3 | Voluntarily entered the Abyss.
 45963 | Abyss:3  | Found a corrupted altar of Lugonu.
 46034 | Abyss:3  | Found a corrupted altar of Lugonu.
 46141 | Abyss:4  | Found a corrupted altar of Lugonu.
 46146 | Abyss:4  | Got an abyssal rune of Zot
 46151 | Depths:3 | Escaped the Abyss
 46453 | Zot:1    | Entered Level 1 of the Realm of Zot
 46618 | Zot:1    | Found a large runed translucent door.
 46620 | Zot:1    | Found a large runed translucent door.
 46621 | Zot:1    | Found a large runed translucent door.
 46621 | Zot:1    | Found a shimmering altar of Xom.
 46622 | Zot:1    | Found a large runed translucent door.
 46622 | Zot:1    | Found a large runed translucent door.
 46622 | Zot:1    | Found a large runed translucent door.
 46622 | Zot:1    | Identified the +4 glaive "Misarac" {protect, rN++ Stlth+}
 46622 | Zot:1    | Noticed a Killer Klown
 46622 | Zot:1    | Identified the +8 battleaxe of the Wilderness {flame, Int+6
                  | SInv}
 46741 | Zot:1    | Noticed a curse toe
 46743 | Zot:1    | Killed a curse toe
 47022 | Zot:1    | Noticed a Killer Klown
 47023 | Zot:1    | Found a large runed translucent door.
 47026 | Zot:1    | Found a large runed translucent door.
 47026 | Zot:1    | Noticed a Killer Klown
 47027 | Zot:1    | Killed a Killer Klown
 47094 | Zot:1    | Noticed a Killer Klown
 47094 | Zot:1    | Noticed a Killer Klown
 47109 | Zot:1    | Killed a Killer Klown
 47110 | Zot:1    | Killed a Killer Klown
 47173 | Zot:1    | Gained mutation: You are dopey. (Int -2) [mutagenic glow]
 47190 | Zot:1    | Gained mutation: Potions are less effective at restoring
                  | your health. [mutagenic glow]
 47298 | Zot:1    | Killed a Killer Klown
 47309 | Zot:1    | Identified the +3 longbow of Zuonul {freeze, rC+ Str+3
                  | Int-3 Stlth+}
 47314 | Zot:1    | Killed a Killer Klown
 47315 | Zot:1    | Identified the +0 ring mail of Epolaj {-Tele rPois Regen+
                  | Dex+3}
 47316 | Zot:1    | Identified the +0 chain mail of the Five Hosts {Drain rN+
                  | Str+3 Dex+3}
 47316 | Zot:1    | Noticed a Killer Klown
 47323 | Zot:1    | Reached XP level 25. HP: 198/198 MP: 1/30
 47674 | Zot:1    | Killed a Killer Klown
 47682 | Zot:1    | Killed a Killer Klown
 49580 | Zot:5    | Entered Level 5 of the Realm of Zot
 50211 | Zot:5    | Noticed a Killer Klown
 50216 | Zot:5    | Killed a Killer Klown
 50381 | Zot:5    | Noticed an orb of fire
 50384 | Zot:5    | Killed an orb of fire
 50387 | Zot:5    | Noticed an ancient lich
 50388 | Zot:5    | Noticed an orb of fire
 50388 | Zot:5    | Noticed a Killer Klown
 50391 | Zot:5    | Noticed an ancient lich
 50391 | Zot:5    | Noticed an orb of fire
 50391 | Zot:5    | Killed an orb of fire
 50392 | Zot:5    | Killed an ancient lich
 50393 | Zot:5    | Reached XP level 26. HP: 210/210 MP: 30/30
 50395 | Zot:5    | Killed an ancient lich
 50396 | Zot:5    | Killed a Killer Klown
 50397 | Zot:5    | Noticed an orb of fire
 50398 | Zot:5    | Killed an orb of fire
 50398 | Zot:5    | Killed an orb of fire
 50437 | Zot:5    | Noticed an ancient lich
 50438 | Zot:5    | Noticed a Killer Klown
 50439 | Zot:5    | Noticed an orb of fire
 50441 | Zot:5    | Killed a Killer Klown
 50443 | Zot:5    | Killed an ancient lich
 50443 | Zot:5    | Noticed an orb of fire
 50443 | Zot:5    | Noticed an orb of fire
 50446 | Zot:5    | Noticed an orb of fire
 50446 | Zot:5    | Noticed an orb of fire
 50446 | Zot:5    | Killed an orb of fire
 50446 | Zot:5    | Killed an orb of fire
 50446 | Zot:5    | Killed an orb of fire
 50446 | Zot:5    | Killed an orb of fire
 50452 | Zot:5    | Killed an orb of fire
 50454 | Zot:5    | Noticed a Killer Klown
 50458 | Zot:5    | Killed a Killer Klown
 50799 | Zot:5    | Got the Orb of Zot
 51165 | D:13     | Noticed Oletemeg the pandemonium lord
 51431 | D:1      | 140 base damage
 51431 | D:1      | gg
 51432 | D:$      | Escaped with the Orb!

Illustrated notes

...#.#...# #.##PP~#.........#
...#.#.### #~~P##.#.........##
.#...#.# #PP~##.#..........####
..)#.#.#####~PP...#.............#
.....#...~P~#####.#.........###..
...###.##P~~# #.#.........####.
#### #.##PPP# ###.#####.#.......#
#### #P~P##.# #...# #.........#
...# #PP~##.###.D.# ####........#
##.###~P~.........###....########
#...##############...#### #####
#####


Turn 51431 on D:1: 140 base damage

Levels and vault maps discovered:
D:1:      psy_arrival_conway, layout_rooms
D:2:      layout_rooms, nicolae_ecumenical_lake_church, uniq_sigmund, uniq_robin
D:3:      layout_rooms, chequers_temple_overflow_statue_of_worship,
          nicolae_elyvilon_peaceful_grove
D:4:      minmay_polygon_palace, layout_basic, roderic_lattice_a,
          chequers_serial_rivers_large_a, eino_curves_04, nicolae_shop_gadgets,
          uniq_crazy_yiuf_cottage
D:5:      minmay_chambers_of_fours, layout_loops_corners
D:6:      layout_rooms, serial_shops, nicolae_shop_window_shopping,
          uniq_menkaure, uniq_pikel, uniq_edmund
D:7:      layout_rooms, minmay_temple_entry_statues_fountains, grunt_livestock,
          nicolae_letterblocks [nicolae_letter_subblock,
          nicolae_letter_subblock, nicolae_letter_subblock,
          nicolae_letter_subblock, nicolae_letter_subblock,
          nicolae_letter_subblock, nicolae_letter_subblock,
          nicolae_letter_subblock, nicolae_letter_subblock,
          nicolae_letter_subblock, nicolae_letter_subblock,
          nicolae_letter_subblock, nicolae_letter_subblock,
          nicolae_letter_subblock, nicolae_letter_subblock,
          nicolae_letter_subblock, nicolae_letter_subblock,
          nicolae_letter_subblock, nicolae_letter_subblock,
          nicolae_letter_subblock, nicolae_letter_subblock,
          nicolae_letter_subblock, nicolae_letter_subblock,
          nicolae_letter_subblock, nicolae_letter_subblock], uniq_joseph,
          uniq_maggie
D:8:      hellmonk_crumbling_castle, layout_loops_ring,
          kennysheep_generic_room_11, uniq_grum, uniq_psyche, uniq_erica
D:9:      layout_roguey, serial_demonic, serial_demonic_f, serial_demonic_g,
          serial_demonic_a, serial_demonic_g
D:10:     minmay_the_grid_square_5x5_3x3 [minmay_the_grid_square_5x5_empty,
          minmay_the_grid_square_5x5_two_walls_a,
          minmay_the_grid_square_5x5_slash, minmay_the_grid_square_5x5_plus,
          minmay_the_grid_square_5x5_megaprize_diamond,
          minmay_the_grid_square_5x5_gyroscope,
          minmay_the_grid_square_5x5_inverted_slash,
          minmay_the_grid_square_5x5_shrine1, minmay_the_grid_square_5x5_inset],
          layout_loops_ring, mainiacjoe_overflow_two_lobes
D:11:     layout_gridville, due_lair_maze_entry_diamond, erik_orc_1,
          st_stairs_12, minmay_misc_feat_pillars
D:12:     layout_loops_ring
D:13:     layout_roguey, gauntlet_entry_generic, minmay_misc_feat_ornament,
          worldfamousw_hep_ancestral_shrine, uniq_lodul, uniq_rupert,
          uniq_maurice
D:14:     gammafunk_the_bubble [the_bubble_gammafunk_split],
          layout_irregular_city, erik_vaults_1, nicolae_ru_sacrificial_ziggurat,
          uniq_azrael
D:15:     grunt_enter_depths_giant_problem, layout_irregular_city
Lair:1:   layout_loops_ring, enter_volcano_4, hellmonk_ghost_happy_afterlife,
          infiniplex_staircase_pool_2, lemuel_fruit_tree
Lair:2:   layout_roguey, nicolae_snake_entry_warm_welcome, forest_entry_grove,
          lemuel_fruit_fields, uniq_sonja
Lair:3:   beast_lair_carwin_large_2, layout_cave_pods,
          skrybe_swamp_entry_bodies, uniq_josephine
Lair:4:   dreamdust_cave_troll, layout_loops_ring, slime_entry_1,
          beast_lair_carwin_9, lemuel_fruit_fields
Lair:5:   minmay_lair_end_enchanted_forest, layout_loops_ring,
          hangedman_lair_unloving_vines, pdpol_lair_cabin_in_the_woods,
          serial_bayou_shore_b
Swamp:1:  layout_basic_swamp, nicolae_swamp_very_dense_foliage,
          infiniplex_staircase_pool, uniq_louise, uniq_nikola
Swamp:2:  layout_basic_swamp, nicolae_swamp_dense_foliage,
          nicolae_swamp_necromancy_gone_wrong, uniq_frances
Swamp:3:  layout_basic_swamp, nicolae_swamp_treefoil
Swamp:4:  swamp_basic_johnstein, layout_basic_swamp, swamp_pool5
Snake:1:  layout_gridlike, grunt_megastairs_4
Snake:2:  layout_misc_corridors, corexii_hall_statues_deadend,
          nicolae_snake_snakes_in_the_grass, serial_bayou_shore_a, uniq_vashnia,
          uniq_asterion, uniq_donald
Snake:3:  layout_grid_maze, uniq_aizul, uniq_bai_suzhen, uniq_jorgrun,
          uniq_saint_roka, uniq_mlioglotl
Snake:4:  snake_pit_salamanders_mu, layout_misc_corridors,
          gammafunk_ghost_cemetery, serial_bayou_lagoon_a,
          nicolae_snake_slithery_hallway
Orc:1:    layout_caves, serial_shops, nicolae_shop_gaudy_bauble,
          minmay_orc_temple_b
Orc:2:    st_orc_elflike, layout_diamond_mine, serial_shops,
          nicolae_shop_rolling_square, basic_altar, uniq_nessos
Vaults:1: nicolae_vaults_shipping_containers_3, v_misc_5,
          nicolae_vaults_stepped_doors, nicolae_vaults_tetromino_Z_2,
          vaults_room_ringed_pool, nicolae_vaults_asterisk,
          layout_vaults_quadrants, serial_shops, shop
Vaults:2: nicolae_vaults_disjoint_gnomons, ontoclasm_vaults_ring_small,
          grunt_vaults_diagonal, nicolae_vaults_trapezoid_1,
          nicolae_vaults_security_offices_6, nicolae_vaults_tetromino_T_2,
          nicolae_vaults_layer_cake_slice, grunt_vaults_hallway_long,
          nicolae_vaults_bisected_exclaves, v_misc_32,
          nicolae_vaults_trapezoid_lopsided_1, v_misc_16,
          nicolae_vaults_apartment_2, v_misc_17, layout_vaults_maze_snakey
Vaults:3: vaults_mumra_hex, vaults_room_pools, vaults_room_hallway,
          minmay_crypt_entry_necro_gods, grunt_vaults_hallway_long,
          nicolae_vaults_three_branches, nicolae_vaults_storage_room_water,
          vaults_standard_mumra_lines, grunt_vaults_focal, v_misc_19, v_misc_27,
          nicolae_vaults_weapon_check, v_misc_31, ontoclasm_vaults_tryst,
          nicolae_vaults_hexular_roomagon, vaults_dpeg_ring,
          layout_vaults_omnibox, serial_shops, shop
Vaults:4: nicolae_vaults_offset_grid_hallway_2,
          nicolae_vaults_trapezoid_lopsided_4, v_alt_pattern_4, v_misc_18,
          v_misc_30, ontoclasm_vaults_misaligned, v_misc_29,
          nicolae_vaults_crenellated_ambush, hangedman_vaults_variations,
          v_rooms_1, nicolae_vaults_frosty_reception, layout_vaults_omnicross,
          serial_shops, nicolae_shop_advertising_works
          [nicolae_subvault_shop_adworks], uniq_xtahua
Depths:1: layout_big_octagon, serial_shops, nicolae_shop_scrapyard,
          minmay_room_of_horrors, serial_sigils,
          serial_sigils_hangedman_scratch, serial_sigils_hangedman_gnaw,
          serial_sigils_hangedman_leer, serial_sigils_hangedman_shear,
          serial_sigils_hangedman_snap, hell_entry, fedhas_altar_1
Depths:2: cross_vault, layout_gridlike, minivault_14, rand_demon_pan_entry_1,
          abyss_entry_small_statue_room, hell_entry,
          minmay_checkered_concentric_circles, infiniplex_staircase_door_maze
Depths:3: grunt_runaround [grunt_runaround_doors_1, grunt_runaround_doors_2,
          grunt_runaround_doors_3, grunt_runaround_doors_4,
          grunt_runaround_loot], hell_entry, serial_shops, abyss_entry,
          pan_entry, uniq_grunn, uniq_vv
Depths:4: evilmike_zot_entry_round, layout_small_grid, hell_entry,
          reono_crystal_passage, minmay_mirror_moons_of_madness, uniq_frederick
Zot:1:    layout_gridlike, st_stairs_14, hangedman_xom_zot_hilarity,
          grunt_megastairs_1
Zot:2:    layout_gridville, grunt_ministairs_9
Zot:3:    layout_basic
Zot:4:    layout_cathedral_of_symmetry, lemuel_elevator
Zot:5:    layout_basic

Skill      XL: |  1  2  3  4  5  6  7  8  9 10 11 12 13 14 15 16 17 18 19 20 21 22 23 24 25 26 |
---------------+-------------------------------------------------------------------------------+-----
Fighting       | 2 3 4 5 6 8 10 11 12 13 14 16 18 20 21 23 24 26 | 26.0
Dodging        | 3 4 6 8 11 13 14 15 | 15.0
Unarmed Combat | 4 5 6 7 8 10 11 12 13 14 16 18 20 21 23 24 26 | 26.0
Shapeshifting  | 4 7 9 10 11 13 15 16 | 16.8
Evocations     | 1 2 4 8 10 | 10.0
Spellcasting   | 2 4 5 |  5.0
Conjurations   | 2 8 10 | 10.0
Transmutations | 2 8 10 | 10.0

Action                     |  1- 3 |  4- 6 |  7- 9 | 10-12 | 13-15 | 16-18 | 19-21 | 22-24 | 25-27 || total
---------------------------+-------+-------+-------+-------+-------+-------+-------+-------+-------++-------
  Melee: Unarmed           |    59 |    90 |   217 |   491 |   712 |  1352 |   870 |   902 |   408 ||  5101
         Constrict         |    14 |    30 |    60 |   116 |   176 |   281 |       |       |       ||   677
         Tentacles         |     8 |    20 |    45 |    12 |    12 |       |       |       |       ||    97
         Punch             |     1 |     2 |    11 |     1 |     1 |    22 |   113 |   142 |    78 ||   371
         Tailslap          |       |       |       |       |       |    38 |   185 |   181 |    81 ||   485
         Bite              |       |       |       |       |       |    31 |   108 |   145 |    65 ||   349
  Throw: Dart              |     6 |     1 |     4 |     2 |       |       |       |       |       ||    13
   Cast: Irradiate         |       |       |       |       |       |    26 |     6 |    12 |       ||    44
         Wereblood         |       |       |       |       |       |       |    11 |     2 |       ||    13
 Invoke: Serpent's Lash    |       |       |       |     6 |    11 |    22 |    12 |    17 |    10 ||    78
         Heavenly Storm    |       |       |       |       |       |     1 |       |     1 |     1 ||     3
Ability: Lunge             |       |     5 |    13 |    27 |    45 |   107 |   106 |    83 |    47 ||   433
         Whirlwind         |       |       |     1 |    11 |    28 |    92 |    82 |    78 |    76 ||   368
         Begin Untransform |       |       |     1 |       |       |       |       |       |       ||     1
  Evoke: Wand              |       |       |     2 |     9 |     4 |     2 |       |     1 |       ||    18
    Use: Potion            |     1 |     3 |     3 |     3 |     1 |     2 |       |     1 |       ||    14
         Scroll            |       |     4 |     3 |    12 |     7 |     9 |     2 |     1 |     2 ||    40
   Stab: Sleeping          |     4 |     3 |    10 |     1 |     2 |     9 |     8 |     1 |     1 ||    39
         Distracted        |       |       |     1 |       |       |       |     1 |     8 |     1 ||    11
         Paralysed         |       |       |       |    11 |       |       |       |       |       ||    11
         Confused          |       |       |       |       |       |       |       |     3 |       ||     3
 Armour: Skin              |     9 |     5 |    18 |    90 |   121 |   166 |   154 |   151 |    36 ||   750
  Dodge: Dodged            |    37 |    54 |   106 |   328 |   623 |  1379 |   750 |   618 |   208 ||  4103
         Form:             |       |       |     2 |       |       |       |       |       |       ||     2
         Beast             |       |       |     2 |       |     1 |       |       |       |       ||     3
         Anaconda          |       |       |     1 |     2 |     3 |       |       |       |       ||     6
         Maw               |       |       |       |     1 |       |       |       |       |       ||     1
         Blade             |       |       |       |       |     4 |       |       |       |       ||     4
         Dragon            |       |       |       |       |       |     1 |       |       |       ||     1

Table legend: (Time is in decaauts)
 A = Elapsed time spent in this place.
 B = Non-inter-level travel time spent in this place.
 C = Inter-level travel time spent in this place.
 D = Time resting spent in this place.
 E = Time spent auto-exploring this place.
 F = Levels seen in this place.
 G = Mean time per level.
                   A        B        C        D        E       F      G
               +--------+--------+--------+--------+--------+-----+--------+
         Total |  50506 |  47358 |   3148 |  12562 |  23748 |  53 |  952.9 |
       Dungeon |  16549 |  15602 |    947 |   5257 |   7061 |  15 | 1103.3 |
          Lair |   8199 |   7723 |    476 |   3122 |   2955 |   5 | 1639.8 |
         Swamp |   2008 |   1892 |    116 |    214 |   1170 |   4 |  502.0 |
     Snake Pit |   5698 |   5500 |    198 |   1174 |   2889 |   4 | 1424.5 |
  Orcish Mines |   1732 |   1405 |    327 |     24 |   1034 |   2 |  866.0 |
        Vaults |   4581 |   4267 |    314 |    423 |   3053 |   4 | 1145.2 |
        Depths |   4879 |   4307 |    572 |    983 |   2402 |   4 | 1219.8 |
           Zot |   4331 |   4136 |    195 |    729 |   2381 |   5 |  866.2 |
         Abyss |   1405 |   1405 |      0 |     91 |    650 |   8 |  175.6 |
       Volcano |    530 |    530 |      0 |    334 |      0 |   1 |  530.0 |
      Gauntlet |    589 |    589 |      0 |    211 |    153 |   1 |  589.0 |
               +--------+--------+--------+--------+--------+-----+--------+

Top non-repeatable levels by time:
  Lair:1: 2724 daAuts
Depths:3: 1856 daAuts
 Snake:3: 1853 daAuts
     D:9: 1725 daAuts
  Lair:5: 1641 daAuts
    D:11: 1602 daAuts
 Snake:4: 1565 daAuts
    D:10: 1558 daAuts
   Zot:1: 1497 daAuts
  Lair:2: 1497 daAuts
     D:4: 1352 daAuts
Depths:2: 1326 daAuts
     D:2: 1277 daAuts
Vaults:3: 1264 daAuts
     D:5: 1234 daAuts
